Map: Ruins of Seras

Players

Hindulaatti

  • Race: Terran Terran
  • League: Diamond

GhostRider

  • Race: Terran Terran
  • League: Diamond

BLFG

  • Race: Zerg Zerg

LCS

  • Race: Zerg Zerg
  • League: Diamond

VOD

Have the link to the VOD?

Description

Time

  • Played on: Jan. 11, 2016, 9:03 a.m.
  • Length: 13:05
Show
View Real Time Build Order
Export as new Build Order

Hindulaatti Terran 

Build Orders: Reaper Expand, Bio Tank 

Get SALT Encoding   

  12  0:01  SCV  
  13  0:13  SCV  
  14  0:18  Supply Depot  
  14  0:25  SCV  
  15  0:40  SCV  
  15  0:41  Barracks  
  16  0:46  Refinery  
  16  0:52  SCV  
  17  1:04  SCV  
  18  1:16  SCV  
  19  1:28  Orbital Command  
  19  1:34  Reaper  
  20  1:44  Command Center  
  20  1:51  Refinery  
  20  1:54  SCV  
  21  2:06  SCV  
  23  2:13  Supply Depot  
  23  2:19  Factory  
  22  2:28  SCV  
  23  2:30  Barracks Reactor  
  23  2:40  SCV  
  24  2:50  Supply Depot  
  24  2:52  SCV  
  25  3:02  Factory Tech Lab  
  25  3:07  Barracks  
  25  3:08  Barracks  
  25  3:09  Marine x2  
  27  3:12  Orbital Command  
  27  3:20  SCV  
  28  3:27  Siege Tank  
  28  3:32  SCV  
  32  3:42  Bunker  
  32  3:45  Bunker  
  32  3:48  Marine x2  
  33  3:51  SCV  
  35  3:56  Marine x2  
  37  4:03  SCV  
  37  4:09  Supply Depot  
  38  4:14  Supply Depot  
  38  4:19  Supply Depot  
  38  4:22  Marine x2  
  38  4:23  Siege Tank  
  43  4:27  SCV x2  
  45  4:31  Barracks Tech Lab  
  45  4:39  SCV  
  45  4:40  Supply Depot  
  45  4:43  Marine x2  
  48  4:53  Starport  
  48  4:54  Barracks Reactor  
  48  4:56  Stimpack  
  49  5:00  SCV x2  
  50  5:11  Marine x3  
  50  5:14  Siege Tank  
  56  5:18  SCV x2  
  58  5:27  Command Center  
  58  5:28  Supply Depot  
  58  5:30  Supply Depot  
  58  5:32  SCV  
  58  5:33  SCV  
  60  5:36  Refinery, Marine  
  60  5:38  Marine  
  60  5:40  Marine  
  60  5:41  Marine  
  64  5:44  Marine  
  65  6:08  Engineering Bay  
  65  6:09  Engineering Bay  
  65  6:10  Medivac  
  67  6:17  SCV x2  
  68  6:29  Marine x3  
  68  6:30  Marauder, Marine  
  74  6:38  Orbital Command, Terran Infantry Armor Level 1, Terran Infantry Weapons Level 1  
  74  6:44  Missile Turret  
  75  6:47  Marine, SCV x2  
  75  6:52  Marine x3  
  75  6:53  Marauder  
  82  6:56  Combat Shields  
  82  6:57  Siege Tank  
  82  7:00  Starport Reactor  
  85  7:02  Orbital Command  
  85  7:05  Marine  
  86  7:10  Marine x2, Armory  
  86  7:12  Missile Turret  
  88  7:21  Marine  
  88  7:22  Marauder, Refinery  
  91  7:23  Marine  
  91  7:28  Marine x2  
  94  7:32  Siege Tank  
  97  7:39  Marine, SCV x3  
  97  7:40  Marine  
  97  7:43  Marine  
  103  7:46  Marine x2  
  105  7:52  Medivac x2  
  109  8:05  Supply Depot  
  109  8:06  Supply Depot  
  109  8:07  Supply Depot  
  109  8:08  Supply Depot  
  109  8:10  Liberator, Supply Depot  
  109  8:11  Marine x5  
  101  8:14  SCV x3  
  90  8:25  Barracks  
  90  8:26  Barracks  
  90  8:27  Medivac  
  95  8:39  Terran Infantry Weapons Level 2  
  95  8:40  Terran Infantry Armor Level 2  
  95  8:44  Marine x2  
  95  8:45  Marine x3  
  95  8:47  Siege Tank  
  103  8:53  Supply Depot  
  103  8:55  Supply Depot  
  103  8:56  Supply Depot  
  103  8:59  SCV x2  
  103  9:00  SCV  
  103  9:02  Marine  
  107  9:11  SCV  
  107  9:13  Command Center  
  107  9:15  Liberator  
  108  9:17  Barracks Tech Lab x2  
  108  9:26  Marauder, Marine x4  
  108  9:28  Siege Tank  
  108  9:29  Medivac  
  119  9:37  Refinery  
  122  9:40  Missile Turret  
  107  9:55  Marauder, Marine x2  
  107  9:56  Marauder x2  
  107  9:57  Marine  
  107  9:58  Liberator  
  109  10:09  Siege Tank  
  109  10:11  Medivac  
  109  10:12  Marine  
  109  10:13  Marine  
  116  10:14  Concussive Shells  
  116  10:17  Marauder x2  
  123  10:45  Missile Turret  
  123  10:47  Missile Turret  
  123  10:48  Marine x4  
  123  10:49  Marauder x2, Missile Turret, Marine  
  132  10:51  Missile Turret  
  132  10:53  Siege Tank  
  132  10:57  Planetary Fortress  
  135  11:05  Refinery, Marine  
  135  11:06  Marine x2  
  135  11:07  Marauder  
  135  11:10  Marauder x2  
  138  11:25  Marine x2  
  135  11:26  Marine x2  
  135  11:27  Siege Tank  
  135  11:28  Medivac, Marauder  
  135  11:32  Marauder x2  
  150  11:37  Refinery  
  150  11:38  Refinery  
  149  11:43  Medivac, Marine  
  152  11:48  Missile Turret  
  152  11:50  Missile Turret x2  
  152  11:53  Missile Turret  
  150  11:54  Missile Turret  
  150  11:55  Missile Turret  
  150  11:59  Marine  
  150  12:00  Marine x5  
  150  12:01  Marine  
  157  12:07  Missile Turret  
  157  12:10  Missile Turret  
  157  12:13  SCV  
  157  12:14  SCV x2  
  160  12:16  SCV  
  160  12:17  Marine  
  160  12:18  Marauder  
  164  12:26  Marine x4  
  165  12:37  Missile Turret  
  165  12:41  Missile Turret  
  165  12:44  Missile Turret  
  165  12:45  Missile Turret  
  165  12:46  Missile Turret  
  165  12:49  Missile Turret  
  165  12:50  SCV  
Show
View Real Time Build Order
Export as new Build Order

GhostRider Terran 

Build Orders:  

Get SALT Encoding   

  12  0:01  Drone  
  13  0:15  Overlord  
  13  0:18  Drone  
  14  0:33  Drone x2  
  16  0:54  Hatchery  
  15  0:57  Drone  
  15  0:59  Drone  
  17  1:05  Drone, Extractor  
  17  1:21  Spawning Pool  
  17  1:22  Drone  
  17  1:26  Drone  
  18  1:37  Overlord  
  18  1:41  Drone  
  19  1:53  Drone  
  20  2:02  Drone  
  20  2:06  Drone  
  20  2:08  Queen  
  22  2:11  Queen  
  26  2:19  Metabolic Boost  
  26  2:22  Zergling x2  
  27  2:25  Zergling x2  
  27  2:28  Drone  
  29  2:32  Drone  
  29  2:51  Zergling x2  
  29  2:52  Zergling x6  
  29  2:57  Drone  
  34  2:59  Queen  
  36  3:10  Overlord  
  36  3:21  Overlord x2  
  36  3:28  Queen  
  36  3:33  Zergling x4  
  36  3:34  Zergling x6  
  41  3:40  Drone x2  
  45  3:41  Drone  
  46  3:55  Drone x4  
  49  3:56  Drone x2  
  49  3:57  Drone  
  49  4:01  Drone  
  54  4:03  Drone  
  54  4:05  Drone  
  54  4:28  Hatchery  
  53  4:31  Drone  
  53  4:32  Drone x5  
  53  4:34  Extractor  
  53  4:37  Evolution Chamber  
  57  4:39  Drone x2  
  57  4:43  Drone, Roach Warren  
  59  5:04  Overlord x3  
  59  5:12  Zerg Ground Armor Level 1  
  59  5:13  Extractor  
  58  5:19  Drone  
  58  5:20  Overlord  
  59  5:25  Drone x5  
  59  5:26  Extractor  
  63  5:28  Drone  
  63  5:32  Lair, Queen  
  66  5:38  Drone  
  66  5:39  Drone x3  
  66  5:42  Drone x2, Queen  
  74  6:01  Drone x5  
  74  6:02  Drone  
  80  6:06  Drone x2  
  80  6:08  Drone, Queen  
  80  6:09  Drone x2  
  86  6:14  Drone x2  
  86  6:18  Queen  
  85  6:25  Overlord x2  
  87  6:28  Drone x3, Overlord  
  90  6:33  Baneling Nest  
  90  6:34  Drone  
  90  6:40  Baneling Nest  
  90  6:49  Extractor  
  90  6:51  Extractor  
  88  6:55  Zergling x8  
  88  6:56  Zergling x14  
  88  6:58  Zergling x2  
  100  7:06  Hatchery  
  100  7:08  Zergling x10  
  100  7:15  Zergling x2  
  104  7:16  Zergling x6  
  104  7:17  Zergling x2  
  108  7:41  Spire  
  107  7:53  Baneling x4  
  107  7:55  Drone x4, Zergling x6  
  107  7:58  Zergling x2, Overlord x2  
  113  7:59  Zergling x2, Overlord x4  
  113  8:04  Zergling x2  
  114  8:07  Zerg Ground Armor Level 2  
  103  8:14  Zergling x2  
  103  8:15  Zergling x10  
  103  8:18  Roach  
  103  8:19  Drone x2  
  108  8:22  Drone  
  108  8:23  Drone  
  108  8:26  Centrifical Hooks  
  110  8:28  Drone x4, Queen  
  110  8:33  Infestation Pit  
  110  8:34  Extractor  
  114  8:40  Evolution Chamber  
  113  8:41  Drone x5  
  113  8:44  Drone  
  113  8:45  Drone x2  
  120  8:52  Baneling  
  120  8:55  Baneling  
  118  8:56  Baneling x27  
  118  8:59  Zergling x6  
  118  9:00  Zergling x2  
  109  9:10  Zergling x2  
  109  9:11  Zergling x10  
  109  9:14  Zergling x2  
  109  9:15  Zergling x8  
  118  9:17  Zerg Flyer Weapons Level 1  
  118  9:23  Zergling x2  
  118  9:24  Zergling x6  
  120  9:28  Zergling x4  
  120  9:29  Zergling x2  
  124  9:31  Zergling x2  
  124  9:35  Zergling x2  
  124  9:37  Overlord x2  
  109  9:47  Hive  
  109  9:48  Zergling x2  
  109  9:49  Zergling x6  
  99  9:56  Zergling x12  
  99  9:57  Drone  
  99  9:58  Queen  
  99  9:59  Queen x2  
  106  10:00  Drone x3  
  106  10:01  Drone x2  
  106  10:03  Drone x2  
  106  10:06  Zergling x2  
  116  10:10  Zergling x2  
  117  10:14  Zergling x2  
  117  10:17  Zerg Melee Weapons Level 1  
  117  10:18  Zergling x2  
  117  10:19  Zergling x4  
  121  10:26  Zergling x6, Spore Crawler  
  123  10:33  Glial Reconstitution  
  123  10:35  Pneumatized Carapace  
  120  10:58  Baneling  
  120  10:59  Baneling x24  
  120  11:00  Baneling x13  
  119  11:06  Mutalisk x5  
  119  11:10  Zergling x12  
  128  11:13  Zergling x2  
  115  11:28  Zergling x2, Ultralisk Cavern  
  115  11:29  Zergling x16  
  115  11:31  Drone  
  119  11:46  Mutalisk  
  113  11:47  Mutalisk  
  113  11:51  Zergling x2  
  113  11:58  Spore Crawler  
  108  12:11  Zergling x12  
  108  12:12  Zergling x8  
  108  12:14  Drone  
  119  12:19  Extractor  
  119  12:22  Hatchery, Extractor  
  116  12:39  Drone  
  116  12:40  Drone x3  
  116  12:43  Drone  
Show
View Real Time Build Order
Export as new Build Order

BLFG Zerg 

Build Orders:  

Get SALT Encoding   

Show
View Real Time Build Order
Export as new Build Order

LCS Zerg 

Build Orders:  

Get SALT Encoding   

Tags
 
Add a new tag
Caveats
  • Supply blocks, unpowered buildings, or Contaminate may cause inaccurate times.
  • Supply counts are checked every 10 seconds.